 Dungeon Crawl Stone Soup version 0.23.2 (webtiles) character file.

Game seed: 3283744354806555656

47100 Borgoz the Slicer (level 14, -3/88 HPs)
             Began as a Gargoyle Fighter on Apr 9, 2019.
             Was an Elder of Ashenzari.
             Engulfed by a cloud of freezing vapour (20 damage)
             ... in a Gauntlet.
             The game lasted 00:42:26 (17085 turns).

Borgoz the Slicer (Gargoyle Fighter)               Turns: 17085, Time: 00:42:27

Health: -3/88      AC: 19    Str: 22    XL:     14   Next: 40%
Magic:  21/21      EV: 18    Int:  8    God:    Ashenzari [****..]
Gold:   511        SH:  0    Dex: 13    Spells: 7/23 levels left

rFire    . . .     SeeInvis +   N - +0 rapier (speed) (curse)
rCold    . . .     Gourm    .   (no shield)
rNeg     + . .     Faith    .   C - +2 leather armour {MR+}
rPois    ∞         Spirit   .   (no helmet)
rElec    +         Reflect  .   r - scarf {repulsion}
rCorr    .         Harm     .   e - +1 pair of gloves
MR       ++++.     Clarity  +   (no boots) Stlth +++.......NoTele +
                                u - amulet of rage
HPRegen  0.24/turn              S - ring of protection from magic
MPRegen  0.17/turn              L - ring of protection from magic

@: repel missiles
A: big wings, negative energy resistance 1, electricity resistance, unbreathing,
petrification resistance, rot immunity, AC +10
a: Fly, Curse Item, Scrying, Renounce Religion, Evoke Berserk Rage


You were in a Gauntlet.
You worshipped Ashenzari.
Ashenzari was greatly pleased with you.
You were near starving.

You visited 3 branches of the dungeon, and saw 19 of its levels.
You also visited: Sewer and Gauntlet.

You collected 1097 gold pieces.
You spent 586 gold pieces at shops.

Inventory:

Hand Weapons
 a - a +4 quick blade
 b - a +2 rapier
 N - a cursed +0 rapier of speed (weapon)
 O - a +1 dagger of flaming
Armour
 e - a +1 pair of gloves (worn)
 r - a scarf of repulsion (worn)
 C - a +2 leather armour of magic resistance (worn)
 F - a +1 leather armour of fire resistance
Jewellery
 j - an uncursed ring of fire
 m - an uncursed ring of stealth
 s - a +2 amulet of reflection
 u - an amulet of rage (around neck)
 y - an uncursed amulet of regeneration
 L - a ring of protection from magic (right hand)
 M - an uncursed ring of see invisible
 Q - an uncursed ring of positive energy
 S - a ring of protection from magic (left hand)
 T - an uncursed ring of ice
Wands
 g - a wand of scattershot (4)
 i - a wand of enslavement (10)
 n - a wand of disintegration (11)
 D - a wand of digging (8)
Scrolls
 d - a scroll of magic mapping
 h - a scroll of enchant armour
 k - a scroll of fear
 q - 3 scrolls of remove curse
 t - 2 scrolls of identify
 v - a scroll of enchant weapon
 w - 2 scrolls of teleportation
 x - a scroll of blinking
 R - 2 scrolls of fog
Potions
 c - a potion of might
 l - 2 potions of haste
 o - a potion of brilliance
 p - 3 potions of agility
 H - 2 potions of curing
Comestibles
 f - 35 rations


   Skills:
 + Level 10.7 Fighting
 * Level 12.2(15.3) Short Blades
 + Level 10.9 Armour
 * Level 11.1 Dodging
 - Level 5.0 Stealth
   Level 3.2 Shields
 - Level 5.0 Spellcasting
 - Level 3.0 Ice Magic
 - Level 5.0 Evocations


You had 7 spell levels left.
You knew the following spells:

 Your Spells              Type           Power        Failure   Level  Hunger
a - Confuse               Hex            #.......     65%         3    ###....
b - Ensorcelled Hibernat  Hex/Ice        #.....       24%         2    ##.....
c - Invisibility          Hex            #.......     100%        6    #######
d - Blink                 Tloc           N/A          41%         2    ##.....
e - Mephitic Cloud        Conj/Pois/Air  #.......     65%         3    ###....

Your spell library contained the following spells:

 Spells                   Type           Power        Failure   Level  Hunger
 Apportation              Tloc           #.....       28%         1    #......
 Beastly Appendage        Tmut           #.....       28%         1    #......
 Corona                   Hex            #......      28%         1    #......
 Magic Dart               Conj           #...         28%         1    #......
 Shock                    Conj/Air       #...         28%         1    #......
 Summon Butterflies       Summ           #.......     28%         1    #......
 Call Imp                 Summ           #.......     41%         2    ##.....
 Slow                     Hex            #.......     41%         2    ##.....
 Sticks to Snakes         Tmut           #.......     41%         2    ##.....
 Swiftness                Chrm/Air       #.......     41%         2    ##.....
 Conjure Flame            Conj/Fire      #.......     65%         3    ###....
 Dazzling Spray           Conj/Hex       #.....       65%         3    ###....
 Lesser Beckoning         Tloc           #.........   65%         3    ###....
 Spider Form              Tmut/Pois      #.........   65%         3    ###....
 Static Discharge         Conj/Air       #.......     65%         3    ###....
 Tukima's Dance           Hex            #.......     65%         3    ###....
 Ice Form                 Ice/Tmut       #.......     83%         4    #####..
 Airstrike                Air            #.........   96%         4    #####..
 Alistair's Intoxication  Tmut/Pois      #.......     100%        5    ######.
 Blade Hands              Tmut           #.........   100%        5    ######.
 Lightning Bolt           Conj/Air       #.........   100%        5    ######.


Dungeon Overview and Level Annotations

Branches:
Dungeon (15/15)            Temple (1/1) D:7            Lair (3/6) D:8
 Shoals (0/4) Lair:3          Orc (0/2) D:9          Vaults (0/5) D:13
 Depths (0/5) D:15
  Snake: Lair:2-4    Spider: Lair:2-4

Altars:
Ashenzari
Cheibriados
Dithmenos
Elyvilon
Fedhas
Gozag
Hepliaklqana
Kikubaaqudgha
Makhleb
Nemelex Xobeh
Okawaru
Qazlal
Ru
Sif Muna
Trog
Uskayaw
Vehumet
Wu Jian
Xom
Yredelemnul
Zin
The Shining One

Shops:
D:5 (%::   D:11 !

Annotations:
D:15 Josephine
Lair:2 3 runed translucent doors, Borgoz's ghost, journeyman GrGl; MalarOregon's ghost, journeyman MfFi; dscm's ghost, journeyman OpEE Gauntlet 11 transporters, exclusion: ice statue


Innate Abilities, Weirdness & Mutations

You are resistant to torment.
Your stone body is resilient. (AC +10)
You are immune to poison.
Your large and strong wings let you fly indefinitely.
You resist negative energy. (rN+)
You are resistant to electric shocks. (rElec)
You can survive without breathing.
You are immune to petrification.
You are immune to rotting.


Message History

The ice statue is almost destroyed.
You are engulfed in freezing vapours.
You hit the ice statue but do no damage.
The ice statue is almost destroyed.
You are engulfed in freezing vapours.
The ice beast completely misses you.
You hit the ice statue but do no damage.
The ice statue is almost destroyed.
You are engulfed in freezing vapours.
The ice statue gestures at you. The freezing blast misses you.
You puncture the ice statue!
You destroy the ice statue!
The ice beast disappears in a puff of smoke!
You are engulfed in freezing vapours.
You are engulfed in freezing vapours.
You are engulfed in freezing vapours.
You are engulfed in freezing vapours.
* * * LOW HITPOINT WARNING * * *
You are engulfed in freezing vapours.
You die...

##..#.##^..##.#.....#©#..
#≈..#.^##.##^.#.....#©#..
##..#....Y9...#..########
#≈..###########..#pp.©...
##......#©#......#5.####.
#§......#©#......#.#...#.
##..###########..#.#.©.#.
#≈..#..○°©....#..#.#...#.
##..#.#.@°°.#.#..#.####..
#≈..#.##.○.##.#..#p5.....
##..#..#####..#..########
#≈..#....©....#......©...
##..#..##.##..#.∩........
#≈..#.##...##.#..≈#≈#≈#≈#
##..#.#.....#.#..########
#≈..#.........#..≈#
##..###########..##


You could see a catoblepas and a gargoyle.

Vanquished Creatures
  Azrael (D:14)
  8 vault guards (D:13)
  7 two-headed ogres
  A catoblepas (D:13)
  An ogre mage (D:15)
  A tengu warrior (D:13)
  5 slime creatures
  2 wizards (D:15)
  3 unseen horrors
  An orc knight (D:13)
  A necromancer (D:15)
  3 ugly things (D:15)
  3 manticores
  4 centaur zombies
  2 cyclopes
  An ice statue (Gauntlet)
  Psyche (D:10)
  A gargoyle (D:14)
  3 spiny frogs
  A redback zombie (D:15)
  2 rime drakes (Gauntlet)
  A komodo dragon (Lair:1)
  3 trolls
  3 blink frogs (Lair:1)
  6 hippogriffs
  A spriggan (D:8)
  A wyvern (D:8)
  2 fire elementals (D:14)
  3 wraiths (D:15)
  39 yaks
  2 hungry ghosts
  7 vampire mosquitoes
  4 wargs
  Edmund (D:6)
  A soldier ant (D:11)
  5 water moccasins
  3 hell hounds (D:14)
  9 porcupines
  5 ice beasts
  8 sky beasts
  7 orc warriors
  A hornet zombie (D:13)
  An eye of draining (D:11)
  5 ogres
  5 wolves (Lair:1)
  9 centaurs
  2 crocodiles
  3 big kobolds
  18 bullfrogs
  A wyvern zombie (D:14)
  A wyvern skeleton (D:12)
  5 scorpions
  19 killer bees
  7 wights
  2 howler monkeys
  A quasit (D:14)
  2 jellies
  4 bullfrog zombies
  13 crimson imps
  A gnoll shaman (D:2)
  5 hounds
  10 centaur skeletons
  Crazy Yiuf (D:2)
  11 orc priests
  12 orc wizards
  An iguana (D:12)
  Natasha (thrice) (D:3)
  10 worker ants
  A killer bee zombie (D:8)
  A hound zombie (D:10)
  3 gnolls (D:2)
  A howler monkey skeleton (D:9)
  15 adders
  5 river rats (Sewer)
  2 shadow imps
  An ooze (D:4)
  3 worms
  6 leopard geckos
  55 orcs
  3 giant cockroaches
  5 goblins
  8 hobgoblins
  18 jackals
  29 kobolds
  3 quokkas
  6 ball pythons
  5 bats
  4 frilled lizards
  29 rats
519 creatures vanquished.

Vanquished Creatures (others)
  2 centaurs (D:13)
  2 fungi (Lair:2)
  6 plants
  2 withered plants (Lair:2)
12 creatures vanquished.

Grand Total: 531 creatures vanquished

Notes
Turn   | Place    | Note
-------+----------+-------------------------------------------
     0 | D:1      | Borgoz the Gargoyle Fighter began the quest for the Orb.
     0 | D:1      | Reached XP level 1. HP: 14/14 MP: 1/1
    26 | D:1      | Reached skill level 2 in Short Blades
    26 | D:1      | Reached XP level 2. HP: 19/19 MP: 2/2
   162 | D:1      | Reached XP level 3. HP: 22/23 MP: 3/3
   476 | D:2      | Reached skill level 1 in Stealth
   482 | D:2      | Reached skill level 1 in Dodging
   541 | D:2      | Reached XP level 4. HP: 14/28 MP: 4/4
   579 | D:2      | Found a shimmering altar of Xom.
  1070 | D:2      | Found a runed translucent door.
  1071 | D:2      | Noticed Crazy Yiuf
  1124 | D:2      | Found an opulent altar of Gozag.
  1124 | D:2      | Found a glowing silver altar of Zin.
  1413 | D:2      | Killed Crazy Yiuf
  1413 | D:2      | Reached skill level 3 in Short Blades
  1413 | D:2      | Reached XP level 5. HP: 25/33 MP: 5/5
  1457 | D:3      | Noticed Natasha
  1461 | D:3      | Killed Natasha
  1548 | D:3      | Noticed Natasha
  1559 | D:3      | Killed Natasha
  1740 | D:3      | Noticed Natasha
  1746 | D:3      | Killed Natasha
  1746 | D:3      | Reached XP level 6. HP: 35/38 MP: 6/6
  2210 | D:4      | Found a shadowy altar of Dithmenos.
  2371 | D:5      | Entered Level 5 of the Dungeon
  2384 | D:5      | Found Faebariutt's Weapon Emporium.
  2428 | D:5      | Found Oduogg's Book Shop.
  2501 | D:5      | Found an ornate altar of the Wu Jian Council.
  2533 | D:5      | Found a glowing drain.
  2557 | Sewer    | Entered a sewer
  2887 | Sewer    | Reached XP level 7. HP: 44/44 MP: 7/7
  2957 | Sewer    | Reached skill level 4 in Short Blades
  3406 | D:5      | Found Toacar's Book Shoppe.
  3417 | D:5      | Learned a level 2 spell: Ensorcelled Hibernation
  3421 | D:5      | Learned a level 3 spell: Confuse
  3497 | D:5      | Found Toigeyv's Food Boutique.
  3586 | D:5      | Found a bloodstained altar of Trog.
  3791 | D:6      | Noticed Edmund
  3806 | D:6      | Killed Edmund
  3806 | D:6      | Reached XP level 8. HP: 48/48 MP: 8/8
  3957 | D:6      | Reached skill level 5 in Armour
  4181 | D:6      | Reached skill level 5 in Fighting
  4550 | D:6      | Reached skill level 5 in Short Blades
  4665 | D:6      | Reached skill level 1 in Ice Magic
  4670 | D:6      | Reached skill level 1 in Spellcasting
  4670 | D:6      | Reached skill level 1 in Evocations
  5148 | D:7      | Reached XP level 9. HP: 45/54 MP: 11/11
  5264 | D:7      | Found a radiant altar of Vehumet.
  5265 | D:7      | Found a burning altar of Makhleb.
  5324 | D:7      | Found a staircase to the Ecumenical Temple.
  5384 | Temple   | Entered the Ecumenical Temple
  5444 | Temple   | Became a worshipper of Ashenzari the Shackled
  5643 | D:7      | Found an iron altar of Okawaru.
  5980 | D:8      | Reached skill level 5 in Dodging
  5994 | D:8      | Reached skill level 6 in Short Blades
  5994 | D:8      | Reached skill level 5 in Stealth
  6190 | D:5      | Bought a +4 quick blade for 370 gold pieces
  6287 | D:8      | Found a snail-covered altar of Cheibriados.
  6413 | D:8      | Found a staircase to the Lair.
  6545 | D:8      | Reached XP level 10. HP: 58/60 MP: 14/14
  7239 | D:9      | Reached skill level 7 in Short Blades
  7338 | D:9      | Found a staircase to the Orcish Mines.
  7348 | D:9      | Reached XP level 11. HP: 67/67 MP: 17/17
  7449 | D:9      | Found a sacrificial altar of Ru.
  7529 | D:9      | Found a blossoming altar of Fedhas.
  7529 | D:9      | Found a deep blue altar of Sif Muna.
  7703 | D:10     | Entered Level 10 of the Dungeon
  7703 | D:10     | Reached * piety under Ashenzari
  7904 | D:10     | Got the cursed short sword of Truncation {protect, rElec
                  | rF+ Dex+2}
  7945 | D:10     | Noticed Psyche
  7965 | D:10     | Killed Psyche
  8645 | D:11     | Reached skill level 8 in Short Blades
  8806 | D:11     | Identified the cursed +0 short sword of Truncation
                  | {protect, rElec rF+ Dex+2} (You found it on level 10 of the
                  | Dungeon)
  9211 | D:11     | Noticed a cyclops
  9227 | D:11     | Killed a cyclops
  9285 | D:11     | Noticed a two-headed ogre
  9294 | D:11     | Killed a two-headed ogre
  9469 | D:11     | Found Vayruf's Distillery.
  9475 | D:11     | Bought a potion of heal wounds for 60 gold pieces
  9475 | D:11     | Bought 2 potions of might for 96 gold pieces
  9475 | D:11     | Bought a potion of heal wounds for 60 gold pieces
  9847 | D:12     | Reached skill level 5 in Spellcasting
  9944 | D:12     | Killed an unseen horror
 10017 | D:12     | Reached skill level 5 in Evocations
 10020 | D:12     | Reached XP level 12. HP: 73/73 MP: 19/19
 10025 | D:12     | Reached skill level 9 in Short Blades
 11004 | D:13     | Reached ** piety under Ashenzari
 11133 | D:13     | Noticed a vault guard
 11148 | D:13     | Noticed a vault guard
 11166 | D:13     | Noticed a vault guard
 11168 | D:13     | Noticed a vault guard
 11190 | D:13     | Noticed a vault guard
 11205 | D:13     | Killed a vault guard
 11206 | D:13     | Noticed a vault guard
 11210 | D:13     | Killed a vault guard
 11225 | D:13     | Killed a vault guard
 11237 | D:13     | Noticed a catoblepas
 11244 | D:13     | Killed a vault guard
 11251 | D:13     | Killed a vault guard
 11256 | D:13     | Killed a vault guard
 11278 | D:13     | Killed a catoblepas
 11278 | D:13     | Reached skill level 10 in Short Blades
 11390 | D:13     | Learned a level 6 spell: Invisibility
 11592 | D:13     | Noticed a vault guard
 11626 | D:13     | Found a gate to the Vaults.
 11671 | D:13     | Killed a vault guard
 11671 | D:13     | Reached XP level 13. HP: 42/80 MP: 20/20
 11751 | D:13     | Noticed a vault guard
 11937 | D:13     | Killed a vault guard
 13100 | D:14     | Reached skill level 11 in Short Blades
 13110 | D:14     | Reached skill level 10 in Dodging
 13162 | D:14     | Noticed Azrael
 13188 | D:14     | HP: 3/81 [Azrael/fireball (41)]
 13197 | D:14     | Killed Azrael
 13221 | D:14     | Reached skill level 10 in Armour
 13272 | D:14     | Identified a scroll of acquirement
 13485 | D:15     | Entered Level 15 of the Dungeon
 13606 | D:15     | Reached skill level 10 in Fighting
 13719 | D:15     | Learned a level 2 spell: Blink
 13723 | D:15     | Learned a level 3 spell: Mephitic Cloud
 13974 | D:15     | Noticed Josephine
 14100 | D:15     | Gained mutation: Your large and strong wings let you fly
                  | indefinitely. [Gargoyle growth]
 14100 | D:15     | Reached XP level 14. HP: 50/88 MP: 21/21
 14612 | Lair:1   | Entered Level 1 of the Lair of Beasts
 15006 | Lair:1   | Reached skill level 12 in Short Blades
 15492 | Lair:1   | Found a sacrificial altar of Ru.
 15888 | Lair:2   | Reached *** piety under Ashenzari
 16633 | Lair:2   | Found a runed translucent gate.
 16633 | Lair:2   | Found a runed translucent gate.
 16633 | Lair:2   | Found a runed translucent gate.
 16633 | Lair:2   | Noticed Borgoz's ghost (journeyman GrGl)
 16634 | Lair:2   | Noticed MalarOregon's ghost (journeyman MfFi)
 16634 | Lair:2   | Noticed dscm's ghost (journeyman OpEE)
 16773 | Lair:3   | Found a gate leading to a gauntlet.
 16844 | Gauntlet | Entered a Gauntlet
 16844 | Gauntlet | Found a transporter.
 16844 | Gauntlet | Found a transporter.
 16845 | Gauntlet | Found a transporter.
 16847 | Gauntlet | Found a transporter.
 16849 | Gauntlet | Found a transporter.
 16849 | Gauntlet | Found a transporter.
 16857 | Gauntlet | Found a transporter.
 16858 | Gauntlet | Found a transporter.
 16859 | Gauntlet | Found a transporter.
 16860 | Gauntlet | Found a transporter.
 16868 | Gauntlet | Found a transporter.
 16868 | Gauntlet | Found a transporter.
 16869 | Gauntlet | Identified the ring "Urghoibli" {rN+ Str+7}
 16899 | Gauntlet | Reached **** piety under Ashenzari
 17085 | Gauntlet | Engulfed by a cloud of freezing vapour

Skill      XL: |  1  2  3  4  5  6  7  8  9 10 11 12 13 14 |
---------------+-------------------------------------------+-----
Short Blades   | 2 3 4 5 6 7 8 10 11 12 | 12.2
Stealth        | 1 2 3 4 5 |  5.0
Dodging        | 1 2 3 4 5 6 7 9 10 11 | 11.1
Fighting       | 4 5 6 7 8 9 10 | 10.7
Armour         | 4 5 6 7 8 9 10 | 10.9
Ice Magic      | 1 3 |  3.0
Spellcasting   | 1 2 4 5 |  5.0
Evocations     | 1 2 3 5 |  5.0
Shields        | |  3.2

Action                   |  1- 3 |  4- 6 |  7- 9 | 10-12 | 13-15 || total
-------------------------+-------+-------+-------+-------+-------++-------
Melee: Rapier            |    95 |   220 |   462 |       |   322 ||  1099
       Quick blade       |       |       |   132 |  1391 |   983 ||  2506
 Cast: Ensorcelled Hiber |       |       |       |       |     1 ||     1
Evoke: Wand              |       |       |     4 |     2 |    18 ||    24
  Use: Scroll            |     7 |     5 |     5 |    12 |     6 ||    35
       Potion            |       |     1 |    10 |    13 |    11 ||    35
 Stab: Sleeping          |       |       |     6 |    10 |    13 ||    29
       Invisible         |       |       |     2 |     3 |       ||     5
       Distracted        |       |       |       |       |     1 ||     1
  Eat: Chunk             |       |     7 |     9 |    19 |    13 ||    48
       Ration            |       |       |     1 |       |     1 ||     2
Armor: Scale mail        |    52 |    62 |       |       |       ||   114
       Ring mail         |       |    55 |   270 |       |       ||   325
       Leather armour    |       |       |    10 |   192 |   208 ||   410
Dodge: Dodged            |    64 |   128 |   387 |   420 |   486 ||  1485
       Deflected         |       |       |     2 |    22 |    12 ||    36
